 Dungeon Crawl Stone Soup version 0.29-a0-284-gf9362112df (webtiles) character file.

Game seed: 11493059238973544857

2417 horus123 the Destroyer (level 9, 0/45 HPs)
             Began as a Deep Elf Conjurer on Mar 23, 2022.
             Was an Initiate of Vehumet.
             Succumbed to a kobold brigand's curare-tipped dart
             ... on level 6 of the Dungeon.
             The game lasted 00:18:10 (7430 turns).

horus123 the Destroyer (Deep Elf Conjurer)          Turns: 7430, Time: 00:18:14

Health: 0/45       AC: 15    Str:  4    XL:     9   Next: 23%
Magic:  13/20      EV: 12    Int: 28    God:    Vehumet [......]
Gold:   279        SH:  0    Dex: 13    Spells: 9/20 levels left

rFire   . . .      SeeInvis .   n - +3 dagger (venom)
rCold   . . .      Faith    .   (no shield)
rNeg    . . .      Spirit   .   a - +0 robe
rPois   .          Reflect  .   u - +0 helmet
rElec   .          Harm     .   v - +2 cloak {Stlth+}
rCorr   .          Rampage  .   t - +1 pair of gloves
Will    .....                   k - +2 pair of boots
Stlth   +++.......              (no amulet)
HPRegen 0.15/turn               s - +4 ring of protection
MPRegen 0.17/turn               w - ring of flight

@: lethally poisoned (0 -> -6), flying, slowed, very slow
A: no striking features
a: Renounce Religion


You were on level 6 of the Dungeon.
You worshipped Vehumet.
Vehumet was noncommittal.
You visited 2 branches of the dungeon, and saw 7 of its levels.
You also visited: Ossuary.

You collected 279 gold pieces.

Inventory:

Hand Weapons
 m - a +1 shortbow of flaming
 n - a +3 dagger of venom (weapon)
Armour
 a - a +0 robe (worn)
 k - a +2 pair of boots (worn)
 t - a +1 pair of gloves (worn)
 u - a +0 helmet (worn)
 v - a +2 cloak of stealth (worn)
Magical Staves
 c - a staff of poison
Jewellery
 s - a +4 ring of protection (left hand)
 w - a ring of flight (right hand)
Wands
 f - a wand of paralysis (5)
 p - a wand of flame (19)
Scrolls
 d - 2 scrolls of summoning
 g - a scroll of brand weapon
 h - 5 scrolls of teleportation
Potions
 b - a potion of magic
 e - 2 potions of flight {unknown}
 i - 4 potions of lignification
 j - a potion of cancellation {unknown}
 l - 4 potions of heal wounds {unknown}
 o - a potion of brilliance {unknown}
 q - 4 potions of attraction {unknown}
 r - a potion of berserk rage {unknown}
 x - a potion of might {unknown}
 z - 2 potions of ambrosia {unknown}


   Skills:
 - Level 2.4 Dodging
 - Level 2.4 Stealth
 - Level 6.0 Spellcasting
 + Level 11.0 Conjurations
 - Level 8.0 Translocations


You had 9 spell levels left.
You knew the following spells:

 Your Spells              Type           Power      Damage    Failure   Level
a - Magic Dart            Conj           100%       1d8       1%          1
b - Searing Ray           Conj           100%       2d8       1%          2
c - Iskenderun's Mystic   Conj/Tloc      58%        2d12      1%          4
d - Fulminant Prism       Conj/Hex       19%        3d11      6%          4

Your spell library contained the following spells:

 Spells                   Type           Power      Damage    Failure   Level
 Dazzling Flash           Conj/Hex       78%        N/A       1%          3
 Passage of Golubria      Tloc           52%        N/A       2%          4
 Mephitic Cloud           Conj/Pois/Air  29%        N/A       4%          3
 Call Imp                 Summ           8%         N/A       9%          2
 Frozen Ramparts          Ice            16%        1d3       19%         3
 Ignite Poison            Fire/Tmut/Pois 8%         N/A       19%         3
 Tukima's Dance           Hex            8%         N/A       19%         3
 Freezing Cloud           Conj/Ice/Air   14%        6-21      36%         5
 Ice Form                 Ice/Tmut       8%         N/A       52%         4
 Summon Ice Beast         Ice/Summ       8%         N/A       52%         4
 Yara's Violent Unravell  Hex/Tmut       4%         3d4       86%         5


Dungeon Overview and Level Annotations

Branches:
Dungeon (6/15)             Temple (1/1) D:5         Ossuary (visited)

Altars:
Cheibriados
Ru
Sif Muna
Uskayaw
Vehumet
Zin
The Shining One

Shops:
D:3 *   D:6 [

Annotations:
D:5 2 transporters, Cecur's ghost, amateur DrTm
D:6 Grinder


Message History

You hear a shout! x4
The kobold throws a stone.
The stone hits you but does no damage. Grinder attacks as you move away!
Grinder hits you!
A kobold comes into view.
It is wielding a +2 short sword of venom.
You feel very sick.
The kobold brigand throws a curare-tipped dart.
The curare-tipped dart barely misses you.
A kobold comes into view. It is wielding a +0 short sword.
You feel very sick. Grinder hits you.
* * * LOW HITPOINT WARNING * * *
You writhe in agony.
* * * LOW HITPOINT WARNING * * *
A kobold comes into view. It is wielding a +0 club.
Grinder says, "Wait up."
Grinder hits you.
* * * LOW HITPOINT WARNING * * *
You writhe in agony.
* * * LOW HITPOINT WARNING * * *
The kobold misses you.
Casting: Iskenderun's Mystic Blast (dangerous; 1% risk of failure)
Confirm with . or Enter, or press ? or * to list all spells.
You erupt in a blast of force!
The mystic blast hits the kobold!
You kill the kobold!
Vehumet accepts your kill.
The mystic blast hits the kobold!!
You kill the kobold!
Vehumet accepts your kill.
The mystic blast hits Grinder!
Grinder is moderately wounded.
Grinder is knocked back by the mystic blast.
Grinder slams into the rock wall!
Grinder is moderately wounded.
The mystic blast hits the kobold brigand!!
You kill the kobold brigand!
Vehumet accepts your kill.
The mystic blast hits the kobold!
You kill the kobold!
Vehumet accepts your kill.
You die...

#.##.###)# ##..# #.##
#..#.## ..#####.# #.##
##.#..###.......###..#
#.##..#######........
#. ##.# ##....... #.
#.# #####... #.###.#
##.... #..5..## #.....
####@).# #..... ##))#
#..... #.)# .......
.K... ###..... K..##.#
##.... ..... ... ##...
...... ... ..##
....K.K .... ...
K.K...... ...


You could see Grinder and 2 kobolds.

Vanquished Creatures
  Pikel (D:4)
  Sigmund (D:2)
  A steam dragon (D:6)
  2 sky beasts
  An ice beast (D:6)
  An ogre (D:5)
  A centaur (D:5)
  A lemure (D:4)
  A kobold brigand (D:6)
  A bullfrog (D:6)
  3 elf zombies (Ossuary)
  5 scorpions
  A human zombie (Ossuary)
  3 orc priests
  A jelly (D:4)
  2 centaur zombies (Ossuary)
  3 human skeletons (D:4)
  An iguana (D:6)
  An orc wizard (D:6)
  2 mummies (Ossuary)
  7 gnolls
  10 adders
  A shadow imp (D:5)
  3 adder zombies (Ossuary)
  A worm (D:4)
  4 dart slugs
  10 orcs
  11 ball pythons
  5 bats
  11 endoplasms
  A giant cockroach (D:4)
  7 goblins
  2 hobgoblins
  4 kobolds
  3 quokkas
  4 frilled lizards
  A goblin zombie (Ossuary)
  7 hobgoblin zombies (Ossuary)
  3 jackal zombies (Ossuary)
  7 kobold zombies (Ossuary)
  2 orc skeletons (D:4)
  11 orc zombies
  5 rats
153 creatures vanquished.

Vanquished Creatures (others)
  17 plants (D:2)
17 creatures vanquished.

Grand Total: 170 creatures vanquished

Notes
Turn   | Place    | Note
-------+----------+-------------------------------------------
     0 | D:1      | horus123 the Deep Elf Conjurer began the quest for the Orb.
     0 | D:1      | Reached XP level 1. HP: 10/10 MP: 6/6
   159 | D:1      | Reached XP level 2. HP: 15/15 MP: 6/9
   583 | D:1      | Found a faded altar of an unknown god.
   592 | D:1      | You fall into a shaft and drop 1 floor!
   636 | D:2      | Reached skill level 5 in Spellcasting
   636 | D:2      | Reached XP level 3. HP: 19/19 MP: 3/11
   808 | D:2      | Learned a level 2 spell: Searing Ray
  1032 | D:2      | Noticed Sigmund
  1895 | D:2      | Reached XP level 4. HP: 23/24 MP: 10/14
  2159 | D:2      | Reached skill level 5 in Conjurations
  2239 | D:2      | Learned a level 4 spell: Iskenderun's Mystic Blast
  2303 | D:2      | Killed Sigmund
  2304 | D:2      | Reached skill level 6 in Conjurations
  2304 | D:2      | Reached XP level 5. HP: 20/28 MP: 10/15
  2304 | D:2      | Reached XP level 6. HP: 23/32 MP: 11/17
  2412 | D:3      | Found Nuteakhoxt's Assorted Antiques.
  3277 | D:3      | Reached skill level 7 in Conjurations
  3935 | D:4      | Noticed Pikel
  3944 | D:4      | Killed Pikel
  3945 | D:4      | Reached skill level 8 in Conjurations
  3945 | D:4      | Reached skill level 5 in Translocations
  3945 | D:4      | Reached XP level 7. HP: 4/36 MP: 8/18
  4243 | D:4      | Found a sand-covered staircase.
  4285 | Ossuary  | Entered an ossuary
  4650 | Ossuary  | Reached XP level 8. HP: 41/41 MP: 5/19
  5432 | D:4      | Learned a level 4 spell: Fulminant Prism
  5948 | D:5      | Entered Level 5 of the Dungeon
  6025 | D:5      | Reached skill level 9 in Conjurations
  6097 | D:5      | Found a transporter.
  6101 | D:5      | Noticed Cecur's ghost (amateur DrTm)
  6191 | D:5      | Found a transporter.
  6541 | D:5      | Found a staircase to the Ecumenical Temple.
  6553 | Temple   | Entered the Ecumenical Temple
  6558 | Temple   | Became a worshipper of Vehumet
  6677 | D:6      | Reached skill level 10 in Conjurations
  6677 | D:6      | Reached XP level 9. HP: 42/45 MP: 2/20
  7291 | D:6      | Reached skill level 11 in Conjurations
  7384 | D:6      | Found Uwefil's Armour Shoppe.
  7395 | D:6      | Found a glowing golden altar of the Shining One.
  7396 | D:6      | Found a sacrificial altar of Ru.
  7425 | D:6      | Noticed Grinder
  7429 | D:6      | HP: 2/45 [Grinder (4)]
  7430 | D:6      | Succumbed to a kobold brigand's curare-tipped dart

Illustrated notes

Levels and vault maps discovered:
D:1:      dpeg_arrival_tiny_d, layout_basic,
          hellmonk_ecumenical_altar_crossroads
D:2:      layout_basic, nicolae_grassy_gnolls, uniq_sigmund
D:3:      layout_basic, serial_shops, nicolae_shop_trees,
          chequers_decorated_corner, eino_tiny_chamber, serial_bayou_pond_e,
          hangedman_decor_points
D:4:      layout_loops_cross, nicolae_ossuary_entry_catacombs, uniq_pikel
D:5:      layout_rooms, minmay_temple_entry_junction_2,
          gammafunk_ghost_mausoleum, kennysheep_generic_room_8
D:6:      layout_rooms, chequers_temple_overflow_statue_of_worship,
          serial_shops, shop, hex_medium, uniq_grinder
Temple:   regret_index_temple_chain_breaker

Skill      XL: |  1  2  3  4  5  6  7  8  9 |
---------------+----------------------------+-----
Spellcasting   | 4 5 6 |  6.0
Conjurations   | 6 8 10 11 | 11.0
Translocations | 5 6 8 |  8.0
Dodging        | |  2.4
Stealth        | |  2.4

Action                   |  1- 3 |  4- 6 |  7- 9 || total
-------------------------+-------+-------+-------++-------
Melee: Dagger            |       |     3 |    11 ||    14
       Punch             |       |       |     1 ||     1
 Cast: Magic Dart        |    72 |    42 |   140 ||   254
       Searing Ray       |       |     6 |    25 ||    31
       Iskenderun's Myst |       |       |    21 ||    21
  Use: Scroll            |       |       |    10 ||    10
Armor: Robe              |       |     4 |    35 ||    39
Dodge: Dodged            |     4 |     2 |    36 ||    42

Table legend: (Time is in decaauts)
 A = Elapsed time spent in this place.
 B = Non-inter-level travel time spent in this place.
 C = Inter-level travel time spent in this place.
 D = Time resting spent in this place.
 E = Time spent auto-exploring this place.
 F = Levels seen in this place.
 G = Mean time per level.
                   A        B        C        D        E       F      G
               +--------+--------+--------+--------+--------+-----+--------+
         Total |   7434 |   7284 |    150 |   1824 |   4105 |   8 |  929.2 |
       Dungeon |   6551 |   6410 |    141 |   1642 |   3817 |   6 | 1091.8 |
        Temple |     10 |      1 |      9 |      0 |      0 |   1 |   10.0 |
       Ossuary |    872 |    872 |      0 |    182 |    288 |   1 |  872.0 |
               +--------+--------+--------+--------+--------+-----+--------+

Top non-repeatable levels by time:
     D:2: 1432 daAuts
     D:3: 1363 daAuts
     D:4: 1301 daAuts
     D:5: 1089 daAuts
     D:1: 979 daAuts
 Ossuary: 872 daAuts
     D:6: 385 daAuts
  Temple: 10 daAuts
